 Dungeon Crawl Stone Soup version 0.27-a0-1565-gad902ab807 (webtiles) character file.

Game seed: 17991098031716837769

165 robertstho the Firebug (level 5, -3/37 HPs)
             Began as a Gnoll Fire Elementalist on July 16, 2021.
             Slain by a river rat (7 damage)
             ... on level 3 of the Dungeon.
             The game lasted 00:05:37 (3708 turns).

robertstho the Firebug (Gnoll Fire Elementalist)    Turns: 3708, Time: 00:05:37

Health: -3/37      AC:  4    Str: 13    XL:     5   Next: 46%
Magic:  7/12       EV: 13    Int: 15    God:
Gold:   187        SH:  4    Dex: 13    Spells: 13/14 levels left

rFire    . . .     SeeInvis .   l - +0 short sword (drain)
rCold    . . .     Faith    .   f - +0 buckler
rNeg     . . .     Spirit   .   a - +0 robe
rPois    +         Reflect  .   p - +0 helmet
rElec    .         Harm     .   (no cloak)
rCorr    .         Rampage  .   d - +0 pair of gloves
Will     .....                  (no boots)
Stlth    +++.......             (no amulet)
HPRegen  0.12/turn              j - ring of poison resistance
MPRegen  0.13/turn              k - +6 ring of strength

@: no status effects
A: fangs 1, strong nose, distributed training
a: no special abilities


You were on level 3 of the Dungeon.
You visited 1 branch of the dungeon, and saw 3 of its levels.

You collected 187 gold pieces.

Inventory:

Hand Weapons
 e - a +0 short sword
 l - a +0 short sword of draining (weapon)
Missiles
 b - a throwing net
Armour
 a - a +0 robe (worn)
 d - a +0 pair of gloves (worn)
 f - a +0 buckler (worn)
 p - a +0 helmet (worn)
Magical Staves
 g - a staff of air
Jewellery
 h - a ring of resist corrosion
 j - a ring of poison resistance (left hand)
 k - a +6 ring of strength (right hand)
Scrolls
 c - 2 scrolls of teleportation
 m - a scroll of amnesia {unknown}
 n - a scroll of enchant weapon {unknown}
 q - a scroll of noise {unknown}
Potions
 i - a potion of cancellation {unknown}
 o - a potion of brilliance {unknown}


   Skills:
 + Level 1.5 Fighting
 + Level 1.5 Short Blades
 + Level 1.5 Long Blades
 + Level 1.5 Axes
 + Level 1.5 Maces & Flails
 + Level 1.5 Polearms
 + Level 1.5 Staves
 + Level 1.5 Slings
 + Level 1.5 Bows
 + Level 1.5 Crossbows
 + Level 1.5 Throwing
 + Level 1.5 Armour
 + Level 4.8 Dodging
 + Level 4.4 Stealth
 + Level 1.5 Shields
 + Level 1.5 Unarmed Combat
 + Level 5.2 Spellcasting
 + Level 2.4 Conjurations
 + Level 1.2 Hexes
 + Level 1.2 Summonings
 + Level 1.2 Necromancy
 + Level 1.2 Translocations
 + Level 1.2 Transmutations
 + Level 5.5 Fire Magic
 + Level 1.2 Ice Magic
 + Level 1.2 Air Magic
 + Level 1.2 Earth Magic
 + Level 1.2 Poison Magic
 + Level 1.7 Invocations
 + Level 1.5 Evocations


You had 13 spell levels left.
You knew the following spells:

 Your Spells              Type           Power      Damage    Failure   Level
a - Foxfire               Conj/Fire      60%        2x1d7     4%          1

Your spell library contained the following spells:

 Spells                   Type           Power      Damage    Failure   Level
 Animate Skeleton         Necr           14%        N/A       13%         1
 Apportation              Tloc           14%        N/A       13%         1
 Corona                   Hex            7%         N/A       13%         1
 Summon Small Mammal      Summ           28%        N/A       13%         1
 Conjure Flame            Conj/Fire      15%        6-21      13%         3
 Inner Flame              Hex/Fire       14%        N/A       16%         3
 Passwall                 Tmut/Erth      5%         N/A       21%         2
 Swiftness                Air            7%         N/A       36%         3
 Sticky Flame             Conj/Fire      15%        2d4       38%         4
 Fireball                 Conj/Fire      7%         3d5       75%         5
 Invisibility             Hex            3%         N/A       100%        6


Dungeon Overview and Level Annotations

Branches:
Dungeon (3/15)

Altars:
Fedhas
Trog


Innate Abilities, Weirdness & Mutations

You have very sharp teeth.
Your uncanny sense of smell can sniff out nearby items.
Your experience applies equally to all skills.


Message History

You block the adder's attack. The river rat barely misses you.
The adder misses you.
Casting: Foxfire (safe; 4% risk of failure)
Press: ? - help, Q - select action, (/) - cycle Dir - look around, f - activate You conjure some foxfire!
The foxfire hits the adder.
The adder is heavily wounded.
The adder is engulfed in a cloud of scalding steam.
The adder completely misses you. You block the river rat's attack.
Casting: Foxfire (safe; 4% risk of failure)
Press: ? - help, Q - select action, (/) - cycle Dir - look around, f - activate You conjure some foxfire!
The foxfire hits the river rat but does no damage.
The river rat is heavily wounded.
The foxfire hits the river rat.
The river rat is severely wounded.
The foxfire hits the river rat.
You kill the river rat!
The adder is engulfed in a cloud of scalding steam.
You kill the adder!
You enter the shallow water.
Moving in this stuff is going to be slow.
You are engulfed in a cloud of scalding steam.
* * * LOW HITPOINT WARNING * * *
You see here an adder corpse.
Your foxfire dissipates!
A river rat comes into view.
Casting: Foxfire (safe; 4% risk of failure)
Press: ? - help, Q - select action, (/) - cycle Dir - look around, f - activate You conjure some foxfire!
The foxfire hits the river rat but does no damage.
Your foxfire dissipates!
The river rat bites you.
* * * LOW HITPOINT WARNING * * *
You see here an adder corpse.
Casting: Foxfire (safe; 4% risk of failure)
Press: ? - help, Q - select action, (/) - cycle Dir - look around, f - activate You conjure some foxfire!
The adder closely misses you. The river rat bites you!
You die...

*≈*≈*≈**≈#.#######'#
*≈*≈#≈≈≈≈#.# #.#
*≈#≈#≈####.# #.#
*≈#≈≈S≈§≈#.# #.#
#########≈#.## #.#
##≈≈≈≈≈≈≈≈≈#..# #.#
#.≈≈#≈#≈#####.## #.#
#..≈.Sr≈†≈..#..# #.#
#....@v≈†...##.##
#.#
#....v......†.†.#
#.#
#............##.##
#.#
###############..#
#.# ##.###.# #..##.#
##.##.# #..#†#
##.#.#


You could see an adder (ally target) and a river rat.

Vanquished Creatures
  3 gnolls (D:2)
  4 adders
  A river rat (D:3)
  5 worms
  4 dart slugs
  7 bats
  8 endoplasms
  2 giant cockroaches (D:2)
  10 goblins
  3 hobgoblins
  A jackal (D:2)
  3 quokkas
  6 ball pythons
  2 frilled lizards
  5 kobolds
  5 rats
69 creatures vanquished.

Vanquished Creatures (others)
  303 foxfires
303 creatures vanquished.

Grand Total: 372 creatures vanquished

Notes
Turn   | Place    | Note
-------+----------+-------------------------------------------
     0 | D:1      | robertstho the Gnoll Fire Elementalist began the quest for
                  | the Orb.
     0 | D:1      | Reached XP level 1. HP: 13/13 MP: 6/6
   180 | D:1      | Reached XP level 2. HP: 19/19 MP: 2/7
   416 | D:1      | Found a faded altar of an unknown god.
  1278 | D:2      | Found a blossoming altar of Fedhas.
  1395 | D:2      | Reached XP level 3. HP: 25/25 MP: 6/9
  1526 | D:2      | Reached skill level 5 in Spellcasting
  1590 | D:2      | Reached skill level 1 in Invocations
  1926 | D:2      | Reached skill level 1 in Fighting
  1926 | D:2      | Reached skill level 1 in Short Blades
  1926 | D:2      | Reached skill level 1 in Long Blades
  1926 | D:2      | Reached skill level 1 in Axes
  1926 | D:2      | Reached skill level 1 in Maces & Flails
  1926 | D:2      | Reached skill level 1 in Polearms
  1926 | D:2      | Reached skill level 1 in Staves
  1926 | D:2      | Reached skill level 1 in Slings
  1926 | D:2      | Reached skill level 1 in Bows
  1926 | D:2      | Reached skill level 1 in Crossbows
  1926 | D:2      | Reached skill level 1 in Throwing
  1926 | D:2      | Reached skill level 1 in Armour
  1926 | D:2      | Reached skill level 1 in Shields
  1926 | D:2      | Reached skill level 1 in Unarmed Combat
  1926 | D:2      | Reached skill level 1 in Evocations
  1926 | D:2      | Reached XP level 4. HP: 32/32 MP: 3/11
  2257 | D:2      | Reached skill level 1 in Hexes
  2257 | D:2      | Reached skill level 1 in Summonings
  2257 | D:2      | Reached skill level 1 in Necromancy
  2257 | D:2      | Reached skill level 1 in Translocations
  2257 | D:2      | Reached skill level 1 in Transmutations
  2257 | D:2      | Reached skill level 1 in Ice Magic
  2257 | D:2      | Reached skill level 1 in Air Magic
  2257 | D:2      | Reached skill level 1 in Earth Magic
  2257 | D:2      | Reached skill level 1 in Poison Magic
  3030 | D:3      | Found a bloodstained altar of Trog.
  3161 | D:3      | Reached XP level 5. HP: 37/37 MP: 5/12
  3708 | D:3      | Slain by a river rat

Illustrated notes

Levels and vault maps discovered:
D:1:      dpeg_arrival_connections, layout_loops_ring, basic_ecumenical_altar
D:2:      minmay_spotlight, layout_loops_cross, basic_altar, minmay_unequal
D:3:      layout_basic, overflow_temple_1_default, overflow_temple_1_default,
          lightli_sewer_entry_pipes

Skill      XL: |  1  2  3  4 |
---------------+-------------+-----
Conjurations   | 2 |  2.4
Spellcasting   | 5 |  5.2
Invocations    | 1 |  1.7
Fighting       | 1 |  1.5
Short Blades   | 1 |  1.5
Long Blades    | 1 |  1.5
Axes           | 1 |  1.5
Maces & Flails | 1 |  1.5
Polearms       | 1 |  1.5
Staves         | 1 |  1.5
Slings         | 1 |  1.5
Bows           | 1 |  1.5
Crossbows      | 1 |  1.5
Throwing       | 1 |  1.5
Armour         | 1 |  1.5
Shields        | 1 |  1.5
Unarmed Combat | 1 |  1.5
Evocations     | 1 |  1.5
Hexes          | 1 |  1.2
Summonings     | 1 |  1.2
Necromancy     | 1 |  1.2
Translocations | 1 |  1.2
Transmutations | 1 |  1.2
Ice Magic      | 1 |  1.2
Air Magic      | 1 |  1.2
Earth Magic    | 1 |  1.2
Poison Magic   | 1 |  1.2
Dodging        | |  4.8
Stealth        | |  4.4
Fire Magic     | |  5.5

Action                   |  1- 3 |  4- 6 || total
-------------------------+-------+-------++-------
Melee: Short sword       |     4 |    13 ||    17
       Bite              |       |     1 ||     1
 Cast: Foxfire           |    82 |   119 ||   201
  Use: Scroll            |     2 |     1 ||     3
Armor: Robe              |     1 |     6 ||     7
Dodge: Dodged            |     2 |    30 ||    32
Block: Buckler           |     1 |     7 ||     8

Table legend: (Time is in decaauts)
 A = Elapsed time spent in this place.
 B = Non-inter-level travel time spent in this place.
 C = Inter-level travel time spent in this place.
 D = Time resting spent in this place.
 E = Time spent auto-exploring this place.
 F = Levels seen in this place.
 G = Mean time per level.
                   A        B        C        D        E       F      G
               +--------+--------+--------+--------+--------+-----+--------+
         Total |   3723 |   3568 |    155 |      0 |   3002 |   3 | 1241.0 |
       Dungeon |   3723 |   3568 |    155 |      0 |   3002 |   3 | 1241.0 |
               +--------+--------+--------+--------+--------+-----+--------+

Top non-repeatable levels by time:
     D:2: 1601 daAuts
     D:1: 1272 daAuts
     D:3: 849 daAuts
